 Dungeon Crawl Stone Soup version 0.31-a0-844-gdc52ec4e09 (webtiles) character file.

Game seed: 958307883183871481

110 Aneyh the Trooper (level 4, -5/30 HPs)
             Began as a Tengu Monk on Oct 1, 2023.
             Slain by a scorpion (6 damage)
             ... on level 3 of the Dungeon.
             The game lasted 00:01:44 (1544 turns).

Aneyh the Trooper (Tengu Monk)                      Turns: 1544, Time: 00:01:46

Health: -5/30      AC:  2    Str: 13    XL:     4   Next: 91%
Magic:  5/5        EV: 28    Int: 11    God:
Gold:   115        SH:  0    Dex: 16    Spells: 3/3 levels left

rFire   . . .        a - +0 spear
rCold   . . .        (no shield)
rNeg    . . .        k - +0 robe
rPois   .            (helmet restricted)
rElec   .            (no cloak)
rCorr   .            (no gloves)
SInv    .            (boots unavailable)
Will    .....        (no amulet)
Stlth   +            (no ring)
HPRegen 0.25/turn    (no ring)
MPRegen 0.09/turn

%: acrobat
@: confused, lethally poisoned (-5 -> -20), ambrosia-drunk, acrobatic
A: beak, talons 3, acrobatic
a: no special abilities


You were on level 3 of the Dungeon.
You visited 1 branch of the dungeon, and saw 3 of its levels.

You collected 115 gold pieces.

Inventory:

Hand Weapons
 a - a +0 spear (weapon)
 b - a +0 shortbow
Armour
 d - an orb of light
 k - a +0 robe (worn)
Jewellery
 j - a ring of see invisible
Scrolls
 h - a scroll of teleportation {unknown}
 i - a scroll of fog {unknown}
 l - a scroll of silence {unknown}
 n - a scroll of amnesia {unknown}
 o - a scroll of identify {unknown}
 p - a scroll of enchant weapon {unknown}
Potions
 e - a potion of attraction {unknown}
 f - a potion of degeneration {unknown}
 g - a potion of curing {unknown}
 m - 2 potions of lignification {unknown}


   Skills:
 * Level 4.5 Fighting
 - Level 4.0 Polearms
 - Level 4.0 Dodging
 - Level 0.2 Stealth


You had 3 spell levels left.
You didn't know any spells.
Your spell library contained the following spells:

 Spells                   Type           Power      Damage    Failure   Level
 Hailstorm                Conj/Ice       0%         3d3       71%         3
 Summon Ice Beast         Ice/Summ       0%         N/A       98%         4
 Simulacrum               Ice/Necr       0%         N/A       100%        6


Dungeon Overview and Level Annotations

Branches:
Dungeon (3/15)

Altars:

Shops:
D:2 *


Innate Abilities, Weirdness & Mutations

You have a beak for a mouth.
You have claws for feet.
You can magically evade attacks while moving or waiting.


Message History

You feel very sick. The scorpion misses you.
a - a +0 spear (weapon)
You feel sick. The scorpion closely misses you.
You hit the scorpion but do no damage. Your kick misses the scorpion.
The scorpion is moderately wounded.
You feel sick. The scorpion barely misses you.
You hit the scorpion but do no damage.
The scorpion is moderately wounded.
You feel sick. The scorpion misses you.
You hit the scorpion but do no damage. Your kick misses the scorpion.
You peck the scorpion, but do no damage.
The scorpion is moderately wounded.
You feel sick. The scorpion closely misses you.
You hit the scorpion.
The scorpion is heavily wounded.
The scorpion misses you.
You hit the scorpion. You claw the scorpion. Your peck misses the scorpion.
The scorpion is severely wounded.
You feel sick. The scorpion stings you.
* * * LOW HITPOINT WARNING * * *
You are lethally poisoned!
The scorpion poisons you!
You barely miss the scorpion. You claw the scorpion.
The scorpion is almost dead.
* * * LOW HITPOINT WARNING * * *
You feel very sick. The scorpion barely misses you. The scorpion stings you.
* * * LOW HITPOINT WARNING * * *
You are more poisoned.
The scorpion poisons you!
You are confused.
You feel invigorated.
* * * LOW HITPOINT WARNING * * *
You feel very sick. The scorpion closely misses you.
* * * LOW HITPOINT WARNING * * *
You feel very sick. The scorpion stings you.
You die...

######...# ......... .^.......
#....†. ...... ...# .... #s##
.....###.@#### .....#.......#
.####. #######.... #.......#
...... .........# #.......#
...... .........#
#.......###.....
.........##..................#
.........##............#### .#
.........##.........†..### ..#
.........##..............##.#


You could see a scorpion.

Vanquished Creatures
  A hound (D:2)
  2 adders
  7 bats
  9 endoplasms
  3 giant cockroaches
  6 goblins
  6 hobgoblins
  8 kobolds
  A quokka (D:3)
  9 ball pythons
  2 frilled lizards
  6 rats
60 creatures vanquished.

Notes
Turn   | Place    | Note
-------+----------+-------------------------------------------
     0 | D:1      | Aneyh the Tengu Monk began the quest for the Orb.
     0 | D:1      | Reached XP level 1. HP: 14/14 MP: 2/2
   116 | D:1      | Reached XP level 2. HP: 19/19 MP: 3/3
   408 | D:1      | Reached XP level 3. HP: 23/23 MP: 4/4
   900 | D:2      | Found Vinikial's General Store.
   940 | D:2      | Reached XP level 4. HP: 14/29 MP: 5/5
  1531 | D:3      | Noticed a scorpion
  1544 | D:3      | HP: 1/30 [poisoned by a scorpion]
  1544 | D:3      | Slain by a scorpion

Illustrated notes

Levels and vault maps discovered:
D:1:      wander_arrival_lonely_grave, layout_loops_ring, kennysheep_nondescript
D:2:      layout_rooms, serial_shops, shop, st_stairs_5, minivault_26,
          grunt_decor_fettered
D:3:      minmay_diamond_boxcup, layout_basic,
          hellmonk_ecumenical_altar_blasted, reono_crystal_passage

Skill      XL: |  1  2  3  4 |
---------------+-------------+-----
Polearms       | 4 |  4.0
Dodging        | 4 |  4.0
Fighting       | 4 |  4.5
Stealth        | |  0.2

Action                     |  1- 3 |  4- 6 || total
---------------------------+-------+-------++-------
  Melee: Spear             |    82 |    22 ||   104
         Kick              |    12 |     5 ||    17
         Peck              |     5 |     4 ||     9
         Punch             |     1 |       ||     1
   Fire: Shortbow          |       |    46 ||    46
    Use: Potion            |     1 |     1 ||     2
   Stab: Sleeping          |     4 |       ||     4
 Armour: Robe              |    27 |    17 ||    44
  Dodge: Dodged            |    35 |    29 ||    64

Table legend: (Time is in decaauts)
 A = Elapsed time spent in this place.
 B = Non-inter-level travel time spent in this place.
 C = Inter-level travel time spent in this place.
 D = Time resting spent in this place.
 E = Time spent auto-exploring this place.
 F = Levels seen in this place.
 G = Mean time per level.
                   A        B        C        D        E       F      G
               +--------+--------+--------+--------+--------+-----+--------+
         Total |   1551 |   1501 |     50 |      0 |   1177 |   3 |  517.0 |
       Dungeon |   1551 |   1501 |     50 |      0 |   1177 |   3 |  517.0 |
               +--------+--------+--------+--------+--------+-----+--------+

Top non-repeatable levels by time:
     D:1: 813 daAuts
     D:2: 548 daAuts
     D:3: 190 daAuts
